 Dungeon Crawl Stone Soup version 0.19.4-9-g45fd643 (webtiles) character file.

10 Rrauwl the Grasshopper (level 2, 0/15 HPs)
             Began as a Vine Stalker Warper on Feb 20, 2017.
             Slain by a hobgoblin (2 damage)
             ... on level 1 of the Dungeon.
             The game lasted 00:01:58 (200 turns).

Rrauwl the Grasshopper (Vine Stalker Warper)         Turns: 200, Time: 00:01:58

Health: 0/15       AC:  3    Str: 13    XL:     2   Next: 20%
Magic:  0/6        EV: 12    Int: 13    God:
Gold:   10         SH:  0    Dex: 13    Spells: 0 memorised, 5 levels left

rFire  . . .     SeeInvis .     a - +0 spear
rCold  . . .     Gourm    .     b - +0 leather armour
rNeg   . . .     Faith    .     (no shield)
rPois  .         Spirit   +     (no helmet)
rElec  .         Reflect  .     (no cloak)
rCorr  .         Harm     .     (no gloves)
MR     .....                    (no boots)
Stlth  +.........               (no amulet)
                                (no ring)
                                (no ring)

@: no status effects
A: fangs 2, magic shield, antimagic bite, no device heal 3, rot immunity
a: no special abilities


You were on level 1 of the Dungeon.
You were not hungry.

You visited 1 branch of the dungeon, and saw 1 of its levels.

You collected 10 gold pieces.

Inventory:

Hand Weapons
 a - a +0 spear (weapon)
Missiles
 e - 5 tomahawks of dispersal (quivered)
Armour
 b - a +0 leather armour (worn)
Scrolls
 d - a scroll of blinking
Potions
 h - a potion of lignification {unknown}
Books
 c - a book of Spatial Translocations

   Spells                             Type                      Level
   a - Blink                          Translocation                2
   b - Shroud of Golubria             Charms/Translocation         2
   c - Lesser Beckoning               Translocation                3
   d - Portal Projectile              Translocation                3
   e - Teleport Other                 Translocation                3
   f - Passage of Golubria            Translocation                4
Comestibles
 f - a bread ration
 g - 5 chunks of flesh


   Skills:
 + Level 1.9 Fighting
 + Level 2.1 Polearms
 + Level 1.1 Throwing
 + Level 0.8 Armour
 + Level 1.6 Dodging
 + Level 0.6 Stealth
 + Level 2.1 Spellcasting
   Level 3.0 Translocations


You had 5 spell levels left.
You didn't know any spells.

Dungeon Overview and Level Annotations

Branches:
Dungeon (1/15)

Altars:


Innate Abilities, Weirdness & Mutations

You have extremely sharp teeth.
When hurt, damage is shared between your health and your magic reserves.
Your bite disrupts and absorbs the magic of your enemies.
Potions and wands cannot restore your health.
You are immune to rotting.


Message History

You barely miss the hobgoblin. The hobgoblin hits you.
The hobgoblin hits you with a club.
* * * LOW HITPOINT WARNING * * *
The hobgoblin hits you.
* * * LOW HITPOINT WARNING * * *
You barely miss the hobgoblin. You bite the hobgoblin. You drain its power.
You feel invigorated.
The hobgoblin is lightly wounded.
You hit the hobgoblin but do no damage.
The hobgoblin is lightly wounded.
The hobgoblin barely misses you.
You hit the hobgoblin but do no damage. Your bite misses the hobgoblin.
The hobgoblin is lightly wounded.
The hobgoblin hits you.
* * * LOW HITPOINT WARNING * * *
The hobgoblin hits you with a club.
You hit the hobgoblin.
The hobgoblin is severely wounded.
The hobgoblin hits you.
You die...

##### #..# #.. ....
#####..# .. ... #......#
.. ..## #......#
.#...#####......##
................#. #
#............)..#.
#.##....##...........
#...@g.# #...........
#.##g#.# ####.#...>.#
####.#..# .# .....#.#.#
#.......# .# #.#.###.#.#
........##.##...........
.####...................
#.?.................
#...................
#........##.........


You could see 2 hobgoblins.

Vanquished Creatures
  A leopard gecko (D:1)
  A giant cockroach (D:1)
  2 hobgoblins (D:1)
  3 kobolds (D:1)
  A frilled lizard (D:1)
8 creatures vanquished.

Notes
Turn   | Place    | Note
-------+----------+-------------------------------------------
     0 | D:1      | Rrauwl the Vine Stalker Warper began the quest for the Orb.
     0 | D:1      | Reached XP level 1. HP: 11/11 MP: 4/4
    72 | D:1      | Reached skill level 1 in Throwing
   135 | D:1      | Reached XP level 2. HP: 10/15 MP: 4/6
   200 | D:1      | Slain by a hobgoblin

Skill      XL: |  1 |
---------------+----+-----
Throwing       | 1 |  1.1
Polearms       | 2 |  2.1
Fighting       | |  1.9
Armour         | |  0.8
Dodging        | |  1.6
Stealth        | |  0.6
Spellcasting   | |  2.1
Translocations | |  3.0

Action                   || total
-------------------------++-------
Melee: Spear             ||    40
       Bite              ||     4
Armor: Leather armour    ||     6
Dodge: Dodged            ||    13
